 Dungeon Sprint DCSS version 0.31-a0-1074-g0b22e4e0f1 (webtiles) character file.

Game seed: 13064067787802460058

3705 tbh1313 the Bludgeoner (level 10, -4/124 HPs)
             Began as an Ogre Berserker on Nov 28, 2023.
             Was a High Priest of Trog.
             Slain by a redback (5 damage)
             ... in the Dungeon (Sprint I: "Red Sonja").
             The game lasted 00:04:15 (1141 turns).

tbh1313 the Bludgeoner (Ogre Berserker)             Turns: 1141, Time: 00:04:15

Health: -4/124     AC:  4    Str: 27    XL:     10   Next: 14%
Magic:  10/10      EV: 10    Int:  8    God:    Trog [*****.]
Gold:   569        SH:  0    Dex:  8    Spells: 9/9 levels left

rFire   . . .        a - +0 giant club (heavy)
rCold   . . .        (shield currently unavailable)
rNeg    . . .        m - +0 troll leather armour
rPois   .            (helmet restricted)
rElec   .            (no cloak)
rCorr   .            (gloves unavailable)
SInv    .            (boots unavailable)
Will    +....        l - amulet of magic regeneration
Stlth   +            (no ring)
HPRegen 1.20/turn    (no ring)
MPRegen 0.52/turn

%: no teleportation
@: lethally poisoned (-4 -> -41), on berserk cooldown, slowed, very slow
A: large, unfitting armour, tough skin 1
a: Renounce Religion, Berserk, Trog's Hand, Brothers in Arms


You were in the Dungeon.
You worshipped Trog.
Trog was extremely pleased with you.
You visited 1 branch You collected 683 gold pieces.
You spent 114 gold pieces at shops.

Inventory:

Hand Weapons
 a - a +0 heavy giant club (weapon)
Armour
 b - a +0 animal skin
 m - a +0 troll leather armour (worn)
Jewellery
 l - an amulet of magic regeneration (around neck)
Wands
 i - a wand of polymorph (7)
Scrolls
 h - a scroll of blinking
 j - a scroll of identify
 k - a scroll of enchant armour
Potions
 d - a potion of heal wounds
 e - a potion of haste
 f - 2 potions of magic
 g - a potion of berserk rage


   Skills:
 - Level 15.0 Fighting
 - Level 18.0 Maces & Flails
 + Level 5.0 Dodging


You had 9 spell levels left.
You didn't know any spells.
Your spell library was empty.

Dungeon Overview and Level Annotations

Branches:
Dungeon (1/1)

Altars:
Cheibriados
Dithmenos
Elyvilon
Fedhas
Gozag
Hepliaklqana
Kikubaaqudgha
Makhleb
Nemelex Xobeh
Okawaru
Qazlal
Ru
Sif Muna
Trog
Uskayaw
Vehumet
Wu Jian
Xom
Yredelemnul
Zin
The Shining One
Jiyva
Lugonu

Shops:
D *


Innate Abilities, Weirdness & Mutations

You are too large for most types of armour.
You have tough skin. (AC +1)


Message History

You are no longer berserk.
You are exhausted.
You feel yourself slow down. The redback bites you.
You are poisoned.
The redback poisons you!
You thump the redback!
The redback is moderately wounded.
You feel extremely sick. The redback bites you!
You are more poisoned.
The redback poisons you! The redback bites you. The redback bites you!
You are lethally poisoned!
The redback poisons you!
You closely miss the redback.
The redback is moderately wounded.
You feel extremely sick. The redback bites you!
You are more poisoned.
The redback poisons you!
The redback bites you but does no damage.
You feel better. The redback bites you.
You are poisoned.
The redback poisons you!
The redback bites you but does no damage.
You miss the redback.
The redback is moderately wounded.
You feel extremely sick. The redback bites you.
* * * LOW HITPOINT WARNING * * *
The redback bites you!
* * * LOW HITPOINT WARNING * * *
You are lethally poisoned!
The redback poisons you! The redback barely misses you.
You hit the redback.
The redback is moderately wounded.
* * * LOW HITPOINT WARNING * * *
You feel extremely sick. The redback bites you.
You die...

#..##)#~~~§.#..#
##'#_.'~~§§.§§.#
.'..._#~~~..#.§#
##_.#'##'#####'###
###+#.#.[§(# #.'$#
# ####÷### ###$#
+..§§.+ #§#
####### #§# #@#
+s# #§# #§# +§#
###


You could see a redback.

Levels and vault maps discovered:
D:        dungeon_sprint_1 [red_sonja_temple_1, red_sonja_temple_small_1]

Notes
Turn   | Place    | Note
-------+----------+-------------------------------------------
     0 | D        | tbh1313 the Ogre Berserker began the quest for the Orb.
     0 | D        | Reached XP level 1. HP: 24/24 MP: 1/1
     1 | D        | Noticed Ijyb
    12 | D        | Killed Ijyb
    13 | D        | Reached skill level 5 in Maces & Flails
    13 | D        | Reached XP level 2. HP: 32/32 MP: 2/2
    13 | D        | Reached XP level 3. HP: 39/39 MP: 3/3
    64 | D        | Noticed an ogre
    68 | D        | Killed an ogre
    69 | D        | Reached skill level 9 in Maces & Flails
    69 | D        | Reached XP level 4. HP: 48/48 MP: 4/4
   117 | D        | Noticed Sigmund
   138 | D        | Killed Sigmund
   138 | D        | Reached ** piety under Trog
   139 | D        | Reached skill level 11 in Maces & Flails
   139 | D        | Reached XP level 5. HP: 30/54 MP: 5/5
   139 | D        | Reached XP level 6. HP: 34/62 MP: 6/6
   264 | D        | Found an ornate altar of the Wu Jian Council.
   264 | D        | Found a shimmering blue altar of Sif Muna.
   266 | D        | Found a radiant altar of Vehumet.
   269 | D        | Reached skill level 12 in Maces & Flails
   278 | D        | Found Mizaer's General Store.
   278 | D        | Found an ancient bone altar of Kikubaaqudgha.
   278 | D        | Found a hazy altar of Hepliaklqana.
   278 | D        | Found a stormy altar of Qazlal.
   278 | D        | Found a hide-covered altar of Uskayaw.
   278 | D        | Found a blossoming altar of Fedhas.
   278 | D        | Found a bloodstained altar of Trog.
   278 | D        | Found an iron altar of Okawaru.
   278 | D        | Found a basalt altar of Yredelemnul.
   278 | D        | Found a glowing golden altar of the Shining One.
   278 | D        | Found a snail-covered altar of Cheibriados.
   278 | D        | Found a sacrificial altar of Ru.
   278 | D        | Found a glowing silver altar of Zin.
   278 | D        | Found a shadowy altar of Dithmenos.
   278 | D        | Found a white marble altar of Elyvilon.
   278 | D        | Noticed a yak
   281 | D        | Killed a yak
   282 | D        | Reached skill level 13 in Maces & Flails
   282 | D        | Reached XP level 7. HP: 48/70 MP: 7/7
   283 | D        | Found an opulent altar of Gozag.
   310 | D        | Found a sparkling altar of Nemelex Xobeh.
   314 | D        | Bought a scroll of identify for 24 gold pieces
   314 | D        | Bought a scroll of enchant armour for 90 gold pieces
   363 | D        | Found a viscous altar of Jiyva.
   363 | D        | Found a corrupted altar of Lugonu.
   363 | D        | Noticed a slime creature
   364 | D        | Found a burning altar of Makhleb.
   364 | D        | Found a shimmering altar of Xom.
   369 | D        | Killed a slime creature
   369 | D        | Reached *** piety under Trog
   370 | D        | Reached skill level 14 in Maces & Flails
   459 | D        | Noticed a kobold demonologist
   459 | D        | Noticed a glass eye
   459 | D        | Noticed a kobold demonologist
   462 | D        | Noticed a hellwing
   466 | D        | Killed a kobold demonologist
   467 | D        | Reached skill level 15 in Maces & Flails
   467 | D        | Reached XP level 8. HP: 78/78 MP: 8/8
   470 | D        | Killed a kobold demonologist
   471 | D        | Reached skill level 16 in Maces & Flails
   475 | D        | Killed a glass eye
   475 | D        | Reached **** piety under Trog
   532 | D        | Noticed a centaur warrior
   533 | D        | Noticed a centaur warrior
   547 | D        | Killed a centaur warrior
   547 | D        | HP: 5/117 [centaur warrior/arrow (9)]
   548 | D        | Reached skill level 17 in Maces & Flails
   548 | D        | Reached XP level 9. HP: 7/97 MP: 0/9
   552 | D        | Killed a centaur warrior
   553 | D        | Reached skill level 18 in Maces & Flails
   841 | D        | Noticed a deep troll
   845 | D        | Killed a deep troll
  1065 | D        | Noticed a hornet
  1071 | D        | Paralysed by a hornet for 3 turns
  1075 | D        | Killed a hornet
  1075 | D        | Reached ***** piety under Trog
  1120 | D        | Noticed an oklob plant
  1123 | D        | Killed an oklob plant
  1124 | D        | Reached skill level 15 in Fighting
  1124 | D        | Reached XP level 10. HP: 124/124 MP: 10/10
  1132 | D        | Reached skill level 5 in Dodging
  1141 | D        | HP: 1/124 [poisoned by a redback]
  1141 | D        | Slain by a redback

Table legend: (Time is in decaauts)
 A = Elapsed time spent in this place.
 B = Non-inter-level travel time spent in this place.
 C = Inter-level travel time spent in this place.
 D = Time resting spent in this place.
 E = Time spent auto-exploring this place.
 F = Levels seen in this place.
 G = Mean time per level.
                   A        B        C        D        E       F      G
               +--------+--------+--------+--------+--------+-----+--------+
         Total |   1210 |   1210 |      0 |    920 |      0 |   1 | 1210.0 |
       Dungeon |   1210 |   1210 |      0 |    920 |      0 |   1 | 1210.0 |
               +--------+--------+--------+--------+--------+-----+--------+

Top non-repeatable levels by time:
       D: 1210 daAuts

Table legend:
 A = Kills in this place as a percentage of kills in the entire game.
 B = Kills by you in this place as a percentage of kills by you in the entire game.
 C = Kills by friends in this place as a percentage of kills by friends in the entire game.
 D = Other kills in this place as a percentage of other kills in the entire game.
 E = Experience gained in this place as a percentage of experience gained in the entire game.
 F = Experience gained in this place divided by the number of levels of this place that you have seen.
                   A       B       C       D       E      F
               +-------+-------+-------+-------+-------+----------------------
         Total | 100.0 | 100.0 |   N/A |   N/A | 100.0 | 5293.0
       Dungeon | 100.0 | 100.0 |   N/A |   N/A | 100.0 | 5293.0
               +-------+-------+-------+-------+-------+----------------------

Action                     |  1- 3 |  4- 6 |  7- 9 | 10-12 || total
---------------------------+-------+-------+-------+-------++-------
  Melee: Unarmed           |     5 |       |       |       ||     5
         Mace              |     7 |       |       |       ||     7
         Giant club        |       |    19 |    39 |     8 ||    66
 Invoke: Berserk           |     2 |     1 |     3 |     1 ||     7
         Trog's Hand       |       |       |     1 |       ||     1
    Use: Scroll            |       |       |     3 |       ||     3
         Potion            |       |       |       |     1 ||     1
 Armour: Animal skin       |     1 |    12 |    31 |       ||    44
         Skin              |     1 |       |       |       ||     1
         Troll leather arm |       |       |     9 |    14 ||    23
  Dodge: Dodged            |     4 |     1 |    14 |     3 ||    22

Vanquished Creatures
  2 centaur warriors (D)
  A deep troll (D)
  An oklob plant (D)
  2 kobold demonologists (D)
  A glass eye (D)
  A hornet (D)
  A slime creature (D)
  Sigmund (D)
  A yak (D)
  A redback (D)
  An ogre (D)
  A jelly (D)
  Ijyb (D)
15 creatures vanquished.
